 Dungeon Crawl Stone Soup version 0.29.1-4-g47bece8355 (webtiles) character file.

Game seed: 14680358035739029284

98 AarnesTheHuman the Shooter (level 5, 0/41 HPs)
             Began as a Formicid Hunter on Dec 9, 2022.
             Slain by a gnoll
             ... wielding a +0 whip
             ... led by a gnoll bouda
              (4 damage)
             ... on level 2 of the Dungeon.
             The game lasted 00:03:16 (2214 turns).

AarnesTheHuman the Shooter (Formicid Hunter)        Turns: 2214, Time: 00:03:16

Health: 0/41       AC:  4    Str: 17    XL:     5   Next: 1%
Magic:  5/5        EV: 12    Int:  9    God:
Gold:   84         SH:  0    Dex: 17    Spells: 4/4 levels left

rFire   . . .      SeeInvis +   a - +0 shortbow
rCold   . . .      Faith    .   (no shield)
rNeg    . . .      Spirit   .   c - +0 leather armour
rPois   .          Reflect  .   (helmet unavailable)
rElec   .          Harm     .   (no cloak)
rCorr   .          Rampage  .   e - +0 pair of gloves
Will    .....                   (no boots)
Stlth   ++........              (no amulet)
HPRegen 0.13/turn               (no ring)
MPRegen 0.09/turn               (no ring)

@: no status effects
A: permanent stasis, dig shafts and tunnels, antennae 3, four strong arms
a: Dig, Shaft Self


You were on level 2 of the Dungeon.
You visited 1 branch of the dungeon, and saw 3 of its levels.

You collected 84 gold pieces.

Inventory:

Hand Weapons
 a - a +0 shortbow (weapon)
Armour
 c - a +0 leather armour (worn)
 e - a +0 pair of gloves (worn)
Scrolls
 b - 2 scrolls of immolation
 d - a scroll of noise {unknown}
 h - 2 scrolls of identify
 i - a scroll of torment {unknown}
 l - a scroll of magic mapping {unknown}
 m - a scroll of amnesia {unknown}
 n - a scroll of teleportation {unknown}
Potions
 f - a potion of might
 g - a potion of lignification
 j - a potion of heal wounds
 k - a potion of haste


   Skills:
 + Level 3.4 Fighting
 + Level 4.7 Ranged Weapons
 + Level 2.4 Armour
 - Level 1.7 Dodging
 - Level 1.2 Stealth


You had 4 spell levels left.
You didn't know any spells.
Your spell library contained the following spells:

 Spells                   Type           Power      Damage    Failure   Level
 Conjure Flame            Conj/Fire      0%         6-21      82%         3
 Ignite Poison            Fire/Tmut/Pois 0%         N/A       82%         3
 Sticky Flame             Conj/Fire      0%         2d3       99%         4


Dungeon Overview and Level Annotations

Branches:
Dungeon (3/15)

Altars:

Annotations:
D:2 exclusion: downstairs
D:3 Pargi


Innate Abilities, Weirdness & Mutations

You cannot be hasted, slowed, berserked, paralysed or teleported.
You can dig through walls and to a lower floor.
You have a pair of large antennae on your head. (SInv)
Your four strong arms can wield two-handed weapons with a shield.


Message History

The orc is almost dead.
You hear a shout!
A gnoll bouda comes into view. It is wielding a +0 club.
The orc hits you but does no damage.
You shoot an arrow. The arrow hits the orc!
You kill the orc!
You shoot an arrow. The arrow hits the orc!
You kill the orc!
The orc closely misses you.
You have reached level 5!
You shoot an arrow. The arrow barely misses the orc.
The arrow hits the gnoll bouda.
The gnoll bouda is lightly wounded.
The orc hits you with a +0 club. The orc hits you with a +0 whip.
You shoot an arrow. The arrow hits the gnoll!
The gnoll is severely wounded.
A quokka comes into view.
The gnoll closely misses you. The orc hits you with a +0 whip.
The quokka moves out of view.
The gnoll bouda barks out a call to the hunt!
The gnoll picks up the pace!
The orc misses you. The orc closely misses you. The orc barely misses you.
The gnoll hits you with a +0 whip!
You climb upwards.
Level annotation: exclusion: downstairs
There is a stone staircase leading down here.
You shoot an arrow. The arrow hits the gnoll.
The gnoll is severely wounded.
The orc misses you. The gnoll hits you with a +0 whip.
The orc hits you with a +0 hand axe. The orc closely misses you. x2
The orc hits you with a +0 hand axe. The gnoll hits you with a +0 whip.
* * * LOW HITPOINT WARNING * * *
The orc hits you but does no damage.
You are too injured to fight recklessly!
The gnoll hits you with a +0 whip.
* * * LOW HITPOINT WARNING * * *
The orc hits you with a +0 hand axe.
* * * LOW HITPOINT WARNING * * *
The gnoll attacks as you move away! The gnoll hits you with a +0 whip.
You die...

...# #.##.#####.# #.......#
...#
###..#+#####)######........
...#
#........##.).....#######..
...# #..................#
#.. ...##
#.........#....)...# #..
....#
#.........#........######..
....#
######.....................
....#
#...oog...............
....#
#...o@..............##
....#
##...............###..
##### #........#...##.# #.#
#........#...##.# #.#
#........##..##.###.#
#........##..##......
#........##..########
####.........# ########.##


You could see a gnoll (swift) and 3 orcs.

Vanquished Creatures
  Robin (D:2)
  An adder (D:3)
  A gnoll (D:2)
  A worm (D:2)
  4 dart slugs
  3 orcs (D:3)
  4 ball pythons
  4 endoplasms
  13 goblins
  5 hobgoblins
  4 kobolds
  A quokka (D:2)
  3 bats
  3 frilled lizards
  5 rats
53 creatures vanquished.

Notes
Turn   | Place    | Note
-------+----------+-------------------------------------------
     0 | D:1      | AarnesTheHuman the Formicid Hunter began the quest for the
                  | Orb.
     0 | D:1      | Reached XP level 1. HP: 16/16 MP: 1/1
   166 | D:1      | Reached XP level 2. HP: 22/23 MP: 2/2
   252 | D:1      | Reached skill level 1 in Armour
   341 | D:1      | Found a faded altar of an unknown god.
   467 | D:1      | Reached XP level 3. HP: 28/28 MP: 3/3
  1391 | D:2      | Reached XP level 4. HP: 35/35 MP: 4/4
  1554 | D:2      | Noticed Robin
  1566 | D:2      | Killed Robin
  2135 | D:3      | Noticed Pargi
  2135 | D:3      | Noticed a scorpion
  2208 | D:3      | Reached XP level 5. HP: 41/41 MP: 5/5
  2214 | D:2      | Slain by a gnoll

Illustrated notes

Levels and vault maps discovered:
D:1:      minmay_arrival_four_circles, layout_basic, basic_ecumenical_altar
D:2:      layout_basic, minmay_circle_x, uniq_robin
D:3:      layout_basic, mainiacjoe_overflow_alcove_4, serial_shops, shop,
          uniq_ijyb, uniq_pargi

Skill      XL: |  1  2  3  4 |
---------------+-------------+-----
Armour         | 1 2 |  2.4
Fighting       | 3 |  3.4
Ranged Weapons | |  4.7
Dodging        | |  1.7
Stealth        | |  1.2

Action                   |  1- 3 |  4- 6 || total
-------------------------+-------+-------++-------
 Fire: Shortbow          |    54 |    68 ||   122
 Abil: Dig               |     9 |       ||     9
  Use: Scroll            |       |     4 ||     4
Armor: Leather armour    |     1 |    17 ||    18
Dodge: Dodged            |     4 |    38 ||    42
